Map: Ice and Chrome LE

Players

INnoVation - Winner!

  • Race: Terran Terran
  • League: Grandmaster
  • Spawn Location: 7:00

JinairRogue (Rogue)

  • Race: Zerg Zerg
  • Spawn Location: 1:00

Event: DreamHack SC2 Masters 2020 Fall

VOD

Have the link to the VOD?

Description

Time

  • Played on: Sept. 19, 2020, 9:17 a.m.
  • Length: 14:52

All games in this series

Show
View Real Time Build Order
Export as new Build Order

INnoVation Terran - Winner!

Build Orders: Reaper Expand, Hellion Banshee 

Get SALT Encoding   

  12  0:00  SCV  
  13  0:12  SCV  
  14  0:16  Supply Depot  
  14  0:24  SCV  
  15  0:38  SCV  
  15  0:40  Barracks  
  16  0:43  Refinery  
  16  0:50  SCV  
  17  1:02  SCV  
  18  1:14  SCV  
  19  1:26  Orbital Command, Reaper  
  20  1:38  Command Center  
  20  1:47  Supply Depot  
  20  1:52  SCV  
  21  1:58  Marine  
  22  2:04  SCV  
  23  2:11  Factory  
  23  2:16  SCV  
  23  2:20  Barracks Reactor  
  24  2:28  SCV  
  25  2:35  Command Center  
  25  2:40  SCV  
  26  2:50  Orbital Command  
  26  2:52  SCV  
  26  2:58  Starport  
  27  3:01  Refinery  
  27  3:05  Hellion, SCV  
  30  3:11  Hellion  
  32  3:14  Barracks Tech Lab  
  32  3:16  SCV  
  32  3:17  SCV  
  34  3:28  Hellion  
  34  3:29  SCV  
  34  3:30  SCV  
  34  3:32  Hellion  
  40  3:40  Banshee  
  40  3:41  Barracks Tech Lab  
  42  3:42  SCV x2  
  42  3:46  Orbital Command  
  44  3:54  Hellion x2  
  48  3:56  SCV  
  48  3:57  SCV  
  48  4:02  Supply Depot  
  50  4:08  SCV  
  50  4:09  SCV  
  52  4:13  SCV  
  52  4:15  Hellion x2  
  57  4:21  SCV  
  57  4:22  SCV  
  57  4:23  Raven  
  61  4:27  Supply Depot  
  61  4:30  SCV  
  62  4:34  SCV x2  
  62  4:35  Stimpack, Refinery  
  64  4:38  Barracks  
  64  4:42  SCV  
  65  4:46  SCV x2  
  65  4:47  Barracks, Factory Reactor  
  67  4:53  Engineering Bay  
  67  4:54  Engineering Bay, Supply Depot  
  67  4:55  Marine  
  67  4:56  SCV, Refinery  
  67  4:58  SCV x2  
  71  5:10  Orbital Command, SCV x2  
  71  5:13  Marine  
  74  5:15  Starport Reactor  
  74  5:18  Barracks  
  74  5:19  Barracks  
  74  5:21  Terran Infantry Armor Level 1, Terran Infantry Weapons Level 1  
  74  5:22  SCV x2  
  74  5:24  Supply Depot  
  74  5:27  Marine x2  
  78  5:30  Marine  
  78  5:31  Factory Reactor  
  78  5:34  SCV  
  78  5:35  SCV  
  81  5:36  SCV  
  82  5:44  Marine x2  
  82  5:45  Marine x2  
  82  5:48  Supply Depot x2, Marine  
  87  5:50  SCV  
  87  5:53  SCV  
  87  5:55  Supply Depot  
  89  6:02  Medivac x2  
  93  6:09  Widow Mine x2, SCV x3, Marine  
  93  6:10  Supply Depot  
  93  6:11  Supply Depot  
  101  6:13  Barracks Reactor  
  101  6:14  Barracks Reactor  
  101  6:18  Marine x2  
  101  6:19  Combat Shield  
  101  6:22  SCV x3  
  101  6:24  Refinery x2  
  106  6:29  Armory  
  106  6:33  Supply Depot, Marine x2  
  106  6:34  SCV x3  
  106  6:35  Supply Depot  
  106  6:38  Marine x3  
  114  6:45  Missile Turret  
  114  6:46  Missile Turret  
  112  6:48  Missile Turret  
  112  6:51  SCV x3, Marine x2  
  112  6:52  Marine x3  
  119  6:58  Factory  
  119  6:59  Widow Mine x2  
  119  7:01  Medivac x2  
  123  7:04  SCV  
  123  7:05  Supply Depot  
  123  7:06  SCV  
  125  7:11  Marine x4  
  123  7:18  Terran Infantry Weapons Level 2, Terran Infantry Armor Level 2  
  118  7:25  Command Center  
  118  7:28  Widow Mine x2  
  122  7:32  Terran Vehicle And Ship Armor Level 1  
  122  7:34  Marine x3  
  122  7:35  Marine x4  
  129  7:40  Medivac x2  
  133  7:47  Drilling Claws, Barracks  
  133  7:49  Barracks  
  133  7:50  Barracks  
  133  7:53  Thor  
  133  7:56  Marine x3  
  133  7:58  Widow Mine x2  
  146  8:03  Marauder, Marine x2  
  146  8:04  Concussive Shells  
  150  8:08  Marine  
  150  8:17  Supply Depot x2  
  150  8:19  Widow Mine x2, Supply Depot  
  154  8:21  Medivac  
  154  8:24  Marine  
  157  8:30  Supply Depot  
  157  8:35  Marine  
  157  8:36  Medivac, Marine x5  
  157  8:37  Marauder  
  157  8:40  Thor  
  172  8:42  Barracks Tech Lab x2, Marine  
  172  8:43  Barracks Tech Lab  
  169  8:49  Marine  
  169  8:53  Marine  
  171  8:56  Planetary Fortress  
  171  8:58  Marauder  
  171  8:59  Widow Mine x2  
  171  9:02  Medivac  
  179  9:06  Medivac, Marauder x3, Marine x3  
  190  9:12  Marine  
  190  9:13  Marine x4  
  194  9:22  Marine  
  194  9:24  Thor, Marine  
  182  9:29  Marine x5  
  182  9:30  Marine x2  
  186  9:33  SCV x4  
  186  9:37  Missile Turret  
  188  9:45  SCV x3  
  174  9:47  Widow Mine x2  
  174  9:48  Medivac x2  
  174  9:50  Marine x2  
  181  9:53  SCV  
  181  9:57  SCV x2  
  184  10:01  Supply Depot  
  184  10:02  Supply Depot  
  184  10:05  Supply Depot  
  184  10:08  Terran Infantry Weapons Level 3  
  184  10:12  Widow Mine x2  
  176  10:20  Thor  
  172  10:23  Medivac  
  174  10:29  SCV x3  
  174  10:31  Supply Depot x2  
  174  10:34  Marauder x3, Marine  
  162  10:45  Widow Mine x2  
  162  10:48  SCV x3  
  162  10:49  SCV, Marine x2  
  152  11:01  Starport Reactor  
  152  11:03  Marauder x4, Marine x5  
  163  11:06  Marine  
  164  11:12  Thor  
  164  11:13  Widow Mine x2  
  164  11:18  Supply Depot  
  174  11:21  Supply Depot  
  174  11:22  Marine  
  174  11:24  SCV, Marauder x3  
  174  11:25  SCV  
  181  11:31  Marine x7  
  188  11:44  Widow Mine x2  
  188  11:45  Medivac x2  
  188  11:47  Marauder, Marine  
  188  11:48  Marauder x2  
  188  11:49  Marine x3  
  185  11:56  Marauder, Marine x3  
  177  12:05  Marine  
  177  12:07  Marine x3  
  171  12:08  Marine  
  171  12:09  Marauder x2  
  171  12:11  Thor  
  171  12:12  Widow Mine x2  
  171  12:14  Marine  
  171  12:15  Medivac x2  
  155  12:17  Marine  
  155  12:18  Marauder, Marine  
  148  12:23  Marine  
  148  12:24  Marine  
  148  12:25  Marine x2  
  148  12:27  Marauder  
  148  12:30  Marauder, Marine  
  151  12:37  Missile Turret  
  151  12:38  Widow Mine x2  
  151  12:42  Command Center  
  155  12:45  Medivac x2  
  155  12:47  SCV x4  
  155  12:50  Marauder, Marine  
  155  12:51  Marauder  
  168  12:59  Thor  
  168  13:04  Widow Mine x2  
  170  13:06  Marine x3  
  170  13:11  Marauder, Marine  
  176  13:18  Marine  
  174  13:26  Marine x7  
  164  13:35  Marauder x2, Marine  
  164  13:40  Widow Mine x2  
  173  13:44  Medivac x2  
  173  13:45  Marauder  
  179  13:52  Marauder, Marine x2  
  179  13:54  Marine x3  
  179  13:55  Marine  
  174  13:56  Marauder, Marine  
  174  14:00  Widow Mine  
  174  14:02  Widow Mine  
  181  14:08  Marauder x2  
  183  14:10  Marine  
  183  14:14  Marauder  
  172  14:22  Widow Mine x2  
  172  14:23  Marauder  
  176  14:25  Widow Mine, Marine  
  176  14:26  Marine x5  
  176  14:28  Marine  
Show
View Real Time Build Order
Export as new Build Order

JinairRogue Zerg 

Build Orders: Hatch First, Muta Ling Bane 

Get SALT Encoding   

  12  0:00  Drone  
  13  0:12  Overlord  
  13  0:17  Drone  
  14  0:31  Drone x2  
  16  0:48  Hatchery  
  15  0:51  Drone  
  15  0:54  Drone  
  17  0:57  Drone  
  18  1:08  Extractor  
  17  1:12  Spawning Pool  
  17  1:15  Drone  
  17  1:19  Drone  
  18  1:28  Drone  
  19  1:39  Drone  
  20  1:49  Drone  
  21  2:00  Queen x2, Zergling x2  
  21  2:01  Zergling x2  
  27  2:11  Overlord  
  27  2:12  Drone, Metabolic Boost  
  28  2:29  Hatchery  
  27  2:30  Drone  
  27  2:32  Drone  
  29  2:37  Drone  
  29  2:38  Drone  
  31  2:45  Queen  
  31  2:49  Overlord  
  33  2:53  Drone  
  33  2:55  Drone  
  35  2:59  Drone  
  36  3:09  Drone  
  36  3:10  Drone x4  
  41  3:17  Overlord  
  41  3:18  Drone  
  42  3:22  Queen  
  44  3:37  Drone x3  
  44  3:39  Drone  
  48  3:45  Drone, Queen  
  48  3:46  Overlord  
  48  3:48  Drone, Lair  
  51  3:49  Drone x2  
  51  3:51  Extractor  
  51  3:53  Drone x3  
  56  3:57  Drone x2  
  58  4:04  Queen  
  58  4:06  Overlord  
  58  4:08  Drone  
  58  4:09  Drone  
  62  4:14  Drone x4  
  66  4:19  Overlord  
  66  4:24  Queen  
  66  4:27  Extractor  
  66  4:28  Extractor  
  66  4:29  Drone  
  67  4:31  Spore Crawler  
  67  4:32  Zergling x8, Spore Crawler  
  67  4:36  Drone x3  
  72  4:38  Spore Crawler  
  72  4:42  Drone x2  
  73  4:49  Extractor, Spire  
  73  4:50  Extractor  
  70  4:55  Zergling x4  
  70  4:56  Zergling x4  
  70  4:58  Drone x4  
  78  5:03  Drone x3  
  78  5:06  Overseer  
  81  5:09  Drone  
  82  5:14  Overlord  
  82  5:20  Overlord x2  
  82  5:29  Baneling Nest  
  82  5:32  Drone  
  82  5:33  Overlord  
  82  5:34  Drone x2  
  82  5:35  Drone x6  
  90  5:38  Drone x2  
  90  5:39  Drone  
  93  5:53  Hatchery  
  93  5:54  Overlord  
  92  6:05  Mutalisk x2  
  92  6:06  Mutalisk x5  
  92  6:07  Mutalisk  
  108  6:12  Zerg Flyer Weapons Level 1  
  108  6:14  Mutalisk x2  
  112  6:18  Evolution Chamber  
  112  6:19  Evolution Chamber  
  112  6:22  Centrifical Hooks  
  110  6:29  Zergling x2  
  110  6:30  Zergling x2  
  110  6:31  Drone x5  
  110  6:32  Drone x3  
  119  6:41  Overlord x3  
  119  6:47  Zerg Ground Armor Level 1, Zerg Melee Weapons Level 1  
  119  6:48  Drone  
  119  6:49  Drone  
  119  6:53  Overlord  
  121  7:01  Mutalisk x4  
  121  7:02  Drone x3  
  121  7:05  Drone  
  121  7:06  Drone  
  134  7:10  Mutalisk  
  134  7:11  Zergling x2  
  134  7:12  Zergling x4  
  134  7:14  Drone  
  138  7:22  Drone x5  
  141  7:25  Extractor  
  140  7:31  Overseer, Hatchery  
  140  7:32  Pneumatized Carapace, Hatchery  
  138  7:37  Mutalisk  
  138  7:38  Mutalisk x2  
  138  7:40  Zergling x2  
  138  7:41  Zergling x12  
  151  7:48  Overlord x2  
  147  7:55  Drone x2  
  149  7:58  Overlord  
  149  8:07  Overseer  
  149  8:08  Zergling x4  
  149  8:09  Zerg Flyer Weapons Level 2, Zergling x28  
  149  8:11  Hatchery  
  164  8:13  Overlord  
  164  8:15  Baneling x10  
  164  8:16  Baneling x2  
  163  8:26  Drone x6  
  167  8:30  Drone x2, Infestation Pit  
  167  8:31  Extractor  
  167  8:32  Burrow  
  167  8:38  Mutalisk  
  167  8:39  Mutalisk x3  
  172  8:47  Mutalisk x2  
  174  8:50  Zergling x16  
  174  8:55  Drone x4  
  183  8:56  Drone x2, Overlord  
  183  9:02  Overlord x2  
  187  9:13  Baneling  
  187  9:14  Baneling x7  
  185  9:18  Zergling x22  
  185  9:19  Zergling x4  
  185  9:20  Zergling x2  
  196  9:24  Zergling x6  
  197  9:31  Mutalisk  
  197  9:32  Mutalisk  
  197  9:34  Zergling x2  
  197  9:35  Zergling x8  
  197  9:37  Hive  
  188  9:39  Zerg Ground Armor Level 2  
  188  9:40  Zerg Melee Weapons Level 2  
  188  9:41  Zergling x4  
  188  9:45  Zergling x24  
  191  9:50  Zergling x2  
  191  9:51  Zergling x8  
  185  9:58  Baneling x8  
  185  10:00  Zergling x2  
  185  10:01  Zergling x12  
  185  10:04  Baneling x14  
  189  10:08  Zergling x18  
  189  10:12  Zergling x2  
  194  10:14  Baneling  
  194  10:15  Baneling x7  
  194  10:19  Zergling x2  
  189  10:21  Zergling x2  
  189  10:26  Zergling x20  
  189  10:27  Baneling x7  
  199  10:31  Zergling x4  
  182  10:36  Baneling x5  
  182  10:38  Zergling x2  
  182  10:39  Zergling x20  
  182  10:40  Zergling x2  
  182  10:41  Zergling x2  
  185  10:46  Mutalisk x3  
  185  10:49  Zergling x2  
  187  10:50  Zergling x12  
  187  10:54  Zergling x8  
  197  11:01  Mutalisk x2, Hatchery  
  197  11:02  Zergling x8  
  200  11:04  Overlord  
  200  11:11  Overlord  
  199  11:19  Adrenal Glands  
  199  11:20  Infestation Pit  
  199  11:23  Spine Crawler  
  199  11:24  Spine Crawler  
  199  11:25  Spore Crawler  
  195  11:27  Spine Crawler, Baneling x13  
  195  11:29  Baneling  
  195  11:30  Baneling  
  194  11:43  Baneling x6  
  194  11:44  Baneling x6  
  194  11:45  Zergling x20  
  195  11:49  Zergling x10  
  189  11:57  Zergling x20  
  189  11:58  Zergling x4  
  189  12:00  Zergling x4  
  197  12:01  Zerg Ground Armor Level 3  
  197  12:02  Zergling x12  
  176  12:12  Drone x3, Zergling x2  
  176  12:15  Zergling x14  
  171  12:21  Zergling x8  
  171  12:22  Ultralisk Cavern, Zergling x2  
  166  12:30  Drone x2  
  166  12:33  Drone  
  166  12:34  Drone x6  
  175  12:44  Drone x4  
  175  12:48  Drone x7, Hatchery  
  185  12:51  Spore Crawler  
  185  12:52  Zergling x10  
  185  12:54  Baneling  
  185  12:55  Baneling x16  
  185  12:56  Zergling x6  
  192  13:02  Baneling  
  192  13:03  Baneling x6  
  186  13:07  Zergling x18  
  186  13:08  Zergling x2  
  196  13:13  Zergling x2  
  196  13:14  Zergling x4  
  196  13:18  Baneling x9  
  196  13:19  Zergling x2  
  161  13:37  Ultralisk  
  161  13:40  Zergling x18  
  173  13:42  Baneling x3  
  173  13:43  Baneling  
  173  13:44  Baneling x3  
  165  13:51  Zergling x6  
  165  13:52  Zergling x18  
  165  13:54  Zergling x2  
  147  13:58  Ultralisk  
  147  13:59  Zergling x2  
  137  14:04  Zergling x10  
  137  14:10  Ultralisk  
  137  14:11  Zergling x2  
  137  14:15  Baneling x2  
  137  14:16  Baneling x7  
  125  14:33  Zergling x18  

Tags
 
Add a new tag
Caveats
  • Supply blocks, unpowered buildings, or Contaminate may cause inaccurate times.
  • Supply counts are checked every 10 seconds.